cohdb
Replays
Latest Replays
All Replays
Popular Replays
Top Player Replays
Match Explorer
How It Works
Community
CoH3 Stats
Reddit
Sign in to upload your games and track your stats! →
Sign in with Steam
Match 37826877
Unlisted
Match 37826877
Overview
Messages
Build Orders
End
Selects Australian Defense Battlegroup
Selects Australian Light Infantry Section
Australian Light Infantry Section
Construct Section Command Post
ML 3-inch Mortar Team
Australian Light Infantry Section
Construct Field Infirmary
Construct Platoon Command Post
Selects CMP 15cwt Supply Run
CMP 15cwt Supply Run
Construct Company Command Post
Unlock M3 Grant Medium Tanks
Armored Vehicle Training
Selects Artillery Trip Wire Flares
CMP 15cwt Supply Run
M3 Grant Medium Tank
M3 Grant Medium Tank
CMP 15cwt Truck
Selects Charged Creeping Barrage
Team Weapon Training
Infantry Training
Charged Creeping Barrage
Door
★Colonel-zuvyna★
jordstg
magazinwastaken
aska4120
REX000威威
THE_JJoker
CPU - VERY EASY
0
0
Comments
sign in to comment!
No comments posted yet!